 Dungeon Crawl Stone Soup version 0.29-a0-284-gf9362112df (webtiles) character file.

Game seed: 17202165248312961292

13523 sammy202020 the Fighter (level 11, -1/95 HPs)
             Began as a Demonspawn Berserker on Mar 28, 2022.
             Was an Elder of Trog.
             Slain by sirJeffrey23's ghost (16 damage)
             ... on level 10 of the Dungeon.
             The game lasted 00:31:10 (14308 turns).

sammy202020 the Fighter (Demonspawn Berserker)     Turns: 14308, Time: 00:31:11

Health: -1/95      AC: 30    Str: 20    XL:     11   Next: 76%
Magic:  0/11       EV:  5    Int: 10    God:    Trog [****..]
Gold:   464        SH: 14    Dex: 17    Spells: 10/10 levels left

rFire   + . .      SeeInvis +   g - +1 hand axe (freeze)
rCold   . . .      Faith    .   E - +0 kite shield
rNeg    . . .      Spirit   +   v - +1 plate armour
rPois   .          Reflect  .   (no helmet)
rElec   .          Harm     .   r - +2 cloak
rCorr   .          Rampage  .   A - +0 pair of gloves
Will    .....                   D - +2 pair of boots {rF+}
Stlth   ..........              (no amulet)
HPRegen 0.25/turn               u - +4 ring of protection
MPRegen 0.24/turn               m - ring of see invisible

@: on berserk cooldown, slowed, very slow
A: claws 1, thin skeletal structure 2, icemail 1, magic shield, magic
regeneration, condensation shield
a: Renounce Religion, Berserk, Trog's Hand, Brothers in Arms


You were on level 10 of the Dungeon.
You worshipped Trog.
Trog was greatly pleased with you.
You visited 1 branch of the dungeon, and saw 11 of its levels.

You collected 700 gold pieces.
You spent 236 gold pieces at shops.

Inventory:

Hand Weapons
 b - a +0 short sword
 g - a +1 hand axe of freezing (weapon)
 i - a +0 mace
 j - a +0 morningstar
Missiles
 n - 35 poisoned darts
 q - 7 boomerangs (quivered)
 t - 4 throwing nets
 H - 5 javelins
Armour
 e - a +0 hat
 r - a +2 cloak (worn)
 v - a +1 plate armour (worn)
 A - a +0 pair of gloves (worn)
 D - a +2 pair of boots of fire resistance (worn)
 E - a +0 kite shield (worn)
Jewellery
 m - a ring of see invisible (right hand)
 u - a +4 ring of protection (left hand)
 C - a ring of ice
 G - a +6 ring of dexterity
Wands
 x - a wand of paralysis (17)
 y - a wand of iceblast (35)
 z - a wand of flame (23)
Scrolls
 c - 5 scrolls of enchant armour
 f - 5 scrolls of teleportation
 h - 2 scrolls of fear
 l - 5 scrolls of immolation
 F - a scroll of fog
 I - a scroll of acquirement {unknown}
Potions
 a - 3 potions of flight
 d - 3 potions of curing
 k - a potion of magic
 o - 2 potions of degeneration
 p - 3 potions of lignification
 s - 3 potions of attraction
 w - a potion of heal wounds {unknown}
 B - a potion of cancellation {unknown}
 K - a potion of haste {unknown}


   Skills:
 * Level 12.0 Fighting
 * Level 11.0 Axes
 + Level 7.7 Armour
 - Level 1.7 Dodging
 + Level 5.1 Shields


You had 10 spell levels left.
You didn't know any spells.
Your spell library was empty.

Dungeon Overview and Level Annotations

Branches:
Dungeon (11/15)            Temple (0/1) D:5            Lair (0/6) D:10
    Orc: D:9-12

Altars:
Gozag
Makhleb
Qazlal
Vehumet

Shops:
D:2 (:(   D:6 *   D:7 =

Annotations:
D:10 sirJeffrey23's ghost, journeyman DsMo


Innate Abilities, Weirdness & Mutations

You have sharp fingernails.
You have a moderately thin skeletal structure. (Dex +4, Stealth++)
A meltable icy envelope protects you from harm. (AC +4)
When hurt, damage is shared between your health and your magic reserves.
You regenerate magic rapidly.
A meltable shield of frost defends you. (SH +4)


Message History

SirJeffrey23's ghost is heavily damaged.
SirJeffrey23's ghost hits you!
You slash sirJeffrey23's ghost! You freeze sirJeffrey23's ghost.
SirJeffrey23's ghost is heavily damaged.
You block sirJeffrey23's ghost's attack.
You miss sirJeffrey23's ghost.
SirJeffrey23's ghost is heavily damaged.
You closely miss sirJeffrey23's ghost.
SirJeffrey23's ghost is heavily damaged.
You block sirJeffrey23's ghost's attack.
You hit sirJeffrey23's ghost. You freeze sirJeffrey23's ghost.
SirJeffrey23's ghost is heavily damaged.
You are no longer berserk.
You are exhausted.
You feel yourself slow down.
You hit sirJeffrey23's ghost but do no damage.
SirJeffrey23's ghost is heavily damaged.
SirJeffrey23's ghost hits you but does no damage.
You block sirJeffrey23's ghost's attack.
You hit sirJeffrey23's ghost but do no damage.
SirJeffrey23's ghost is heavily damaged.
SirJeffrey23's ghost hits you!
You barely miss sirJeffrey23's ghost.
SirJeffrey23's ghost is heavily damaged.
SirJeffrey23's ghost hits you but does no damage.
You block sirJeffrey23's ghost's attack.
You hit sirJeffrey23's ghost but do no damage.
SirJeffrey23's ghost is heavily damaged.
SirJeffrey23's ghost laughs, "And you think you're capable of finding the ORB?
I had it, you know.
Then I gave it away so I could steal it AGAIN."
SirJeffrey23's ghost hits you.
You hit sirJeffrey23's ghost but do no damage.
SirJeffrey23's ghost is heavily damaged.
SirJeffrey23's ghost hits you!!
* * * LOW HITPOINT WARNING * * *
You completely miss sirJeffrey23's ghost.
SirJeffrey23's ghost is heavily damaged.
SirJeffrey23's ghost hits you!
* * * LOW HITPOINT WARNING * * *
SirJeffrey23's ghost hits you!!
You die...

#...#.....)######........
#...+.....))....#........
#..##..##.)##...#########
#..##+###..##............
#..........###'###.......
#..........#.....#..#####
#..........#.....#..#....
#..##......'.....#..'....
#..##...@..#.....##'#....
#..####'W####............
#..#≈......##............
#..##=≈#.⌠≈.#............
#..##.§.≈≈#.#####....####
#..#.#.≈)≈.## #....#
#..###.#.## ######
#..##########
#..##..#....#


You could see sirJeffrey23's ghost.

Vanquished Creatures
  Harold (D:10)
  3 centaur warriors (D:8)
  The ghost of sammy202020 the Fighter, a novice DsBe of Trog (D:8)
  3 cyclopes
  5 trolls
  A vampire (D:9)
  2 spriggans (D:8)
  2 wyverns (D:8)
  19 yaks
  A basilisk (D:8)
  A steam dragon (D:8)
  4 vampire mosquitoes (D:8)
  2 orc warriors
  3 ice beasts
  A black bear (D:5)
  3 ogres
  A wolf (D:8)
  3 centaurs
  3 phantoms
  4 kobold brigands
  Blork the orc (D:6)
  5 bullfrogs
  A necrophage (D:8)
  4 gnoll sergeants
  3 scorpions
  5 wights (D:8)
  4 killer bees (D:9)
  A jelly (D:6)
  A gnoll shaman (D:4)
  7 orc priests
  A hound (D:4)
  6 iguanas
  9 orc wizards
  21 gnolls
  3 adders
  4 white imps
  5 ufetubi
  3 worms
  A dart slug (D:2)
  32 orcs
  A bat (D:1)
  7 endoplasms
  3 giant cockroaches
  10 goblins
  9 hobgoblins
  6 jackals
  2 quokkas
  6 ball pythons
  5 frilled lizards
  24 kobolds
  4 rats
257 creatures vanquished.

Vanquished Creatures (others)
  Maurice (D:8)
  An orc wizard (D:11)
  An orc (D:3)
  A rat (D:3)
  5 plants
9 creatures vanquished.

Grand Total: 266 creatures vanquished

Notes
Turn   | Place    | Note
-------+----------+-------------------------------------------
     0 | D:1      | sammy202020 the Demonspawn Berserker began the quest for
                  | the Orb.
     0 | D:1      | Reached XP level 1. HP: 18/18 MP: 1/1
   340 | D:1      | Gained mutation: You have a somewhat thin skeletal
                  | structure. (Dex +2, Stealth+) [demonic ancestry]
   340 | D:1      | Reached XP level 2. HP: 20/24 MP: 2/2
  1222 | D:2      | Found Juvas's Antique Weapon Emporium.
  1353 | D:2      | Reached XP level 3. HP: 22/29 MP: 3/3
  1975 | D:2      | Reached XP level 4. HP: 21/37 MP: 4/4
  2130 | D:2      | Reached ** piety under Trog
  2239 | D:2      | Found Ubiesakh's Book Shoppe.
  2495 | D:2      | Found Guopnutt's Weapon Shoppe.
  2613 | D:3      | Noticed an ice beast
  2621 | D:3      | Killed an ice beast
  2622 | D:3      | Reached skill level 4 in Fighting
  2622 | D:3      | Gained mutation: You regenerate magic rapidly. [demonic
                  | ancestry]
  2622 | D:3      | Reached XP level 5. HP: 18/43 MP: 5/5
  3194 | D:3      | Found a stormy altar of Qazlal.
  3760 | D:3      | Noticed an ogre
  3770 | D:3      | Killed an ogre
  3771 | D:3      | Gained mutation: You have a moderately thin skeletal
                  | structure. (Dex +4, Stealth++) [demonic ancestry]
  3771 | D:3      | Reached XP level 6. HP: 40/50 MP: 6/6
  4215 | D:4      | Reached skill level 5 in Fighting
  4289 | D:4      | Reached skill level 5 in Axes
  4289 | D:4      | Gained mutation: A meltable shield of frost defends you.
                  | (SH +4) [demonic ancestry]
  4289 | D:4      | Reached XP level 7. HP: 11/56 MP: 7/7
  5164 | D:4      | Reached skill level 6 in Fighting
  5400 | D:5      | Entered Level 5 of the Dungeon
  5745 | D:5      | Gained mutation: A meltable icy envelope protects you from
                  | harm. (AC +4) [demonic ancestry]
  5745 | D:5      | Reached XP level 8. HP: 57/65 MP: 8/8
  5853 | D:5      | Found a staircase to the Ecumenical Temple.
  6670 | D:6      | Reached skill level 7 in Fighting
  6842 | D:6      | Found Waotz's Fire Supplies.
  6904 | D:6      | Bought a +2 pair of boots of fire resistance for 236 gold
                  | pieces
  6935 | D:6      | Found a radiant altar of Vehumet.
  7105 | D:6      | Noticed Blork the orc
  7128 | D:6      | Killed Blork the orc
  7833 | D:7      | Found a burning altar of Makhleb.
  7905 | D:7      | Reached skill level 8 in Fighting
  7905 | D:7      | Reached skill level 5 in Armour
  7924 | D:7      | Found Jycak's Jewellery Emporium.
  8003 | D:7      | Gained mutation: When hurt, damage is shared between your
                  | health and your magic reserves. [demonic ancestry]
  8003 | D:7      | Reached XP level 9. HP: 71/74 MP: 9/9
  8063 | D:7      | Noticed a cyclops
  8089 | D:7      | Killed a cyclops
  8910 | D:8      | Reached *** piety under Trog
  8961 | D:8      | Noticed Maurice
  9013 | D:8      | Reached skill level 9 in Fighting
  9013 | D:8      | Reached skill level 1 in Shields
  9172 | D:8      | Killed Maurice
  9406 | D:8      | Found a runed translucent door.
  9409 | D:8      | Noticed sammy202020's ghost (novice DsBe)
  9410 | D:8      | Identified the +9 trident of Tartarus {pain, rPois Int+3}
  9452 | D:8      | Noticed a troll
  9452 | D:8      | Noticed a centaur warrior
  9483 | D:8      | Killed a centaur warrior
  9484 | D:8      | Reached XP level 10. HP: 70/84 MP: 7/10
  9516 | D:8      | Noticed a centaur warrior
  9547 | D:8      | Killed a centaur warrior
  9548 | D:8      | Reached skill level 10 in Fighting
  9564 | D:8      | Noticed a centaur warrior
  9730 | D:8      | Killed a centaur warrior
 10534 | D:8      | Killed sammy202020's ghost
 10991 | D:9      | Gained mutation: You have sharp fingernails. [demonic
                  | ancestry]
 10991 | D:9      | Reached XP level 11. HP: 92/92 MP: 11/11
 11038 | D:9      | Reached skill level 10 in Axes
 11059 | D:9      | Reached skill level 11 in Fighting
 11958 | D:9      | Reached **** piety under Trog
 11987 | D:9      | HP: 4/93 [vampire/vampiric draining (9)]
 12793 | D:10     | Entered Level 10 of the Dungeon
 13068 | D:10     | Noticed Harold
 13091 | D:10     | Killed Harold
 13482 | D:10     | Found an opulent altar of Gozag.
 13552 | D:10     | Reached skill level 5 in Shields
 13655 | D:10     | Reached skill level 12 in Fighting
 13705 | D:10     | Found a staircase to the Lair.
 13778 | D:10     | Found a large runed translucent door.
 13778 | D:10     | Found a large runed translucent door.
 13779 | D:10     | Noticed sirJeffrey23's ghost (journeyman DsMo)
 13903 | D:10     | Identified the +9 short sword of Imainit {elec, rN+ Will++}
 14308 | D:10     | Slain by sirJeffrey23's ghost

Illustrated notes

Levels and vault maps discovered:
D:1:      lightli_arrival_statue_moat, layout_rooms, serial_bayou_pond_a
D:2:      minmay_general_purpose_star, layout_basic, serial_shops,
          nicolae_shop_advertising_works [nicolae_subvault_shop_adworks],
          nicolae_shop_hallway_stairs, shop
D:3:      layout_loops_ring, grunt_qazlal_clouds, serial_rivers,
          chequers_serial_rivers_micro_c, chequers_serial_rivers_room_a,
          chequers_serial_rivers_room_b, chequers_serial_rivers_micro_d,
          chequers_serial_rivers_micro_a
D:4:      layout_layer_cave
D:5:      layout_loops_ring, minmay_temple_entry_antechambers
D:6:      layout_basic, nicolae_vehumet_radiance, minmay_misc_feat_chi,
          minmay_misc_feat_iff, nicolae_shop_fire_sale [nicolae_sub_dead_trees],
          chequers_decorated_corner, chequers_serial_rivers_large_b,
          uniq_blork_the_orc
D:7:      layout_loops_ring, mainiacjoe_overflow_alcove_4, serial_shops, shop
D:8:      minmay_bloctagon, layout_basic, ebering_ghost_funeral_grove,
          small_statue_intersection, uniq_maurice
D:9:      layout_basic, enter_bailey_3, kennysheep_generic_room_2
D:10:     layout_gridville, nicolae_gozag_seed_capital, lair_entry_dummy,
          ebering_ghost_disaster_area, uniq_harold
D:11:     layout_stronghold

Skill      XL: |  1  2  3  4  5  6  7  8  9 10 11 |
---------------+----------------------------------+-----
Axes           | 3 4 5 7 8 9 11 | 11.0
Armour         | 2 3 4 5 6 7 |  7.7
Fighting       | 4 5 6 8 9 10 12 | 12.0
Shields        | 2 4 5 |  5.1
Dodging        | |  1.7

Action                   |  1- 3 |  4- 6 |  7- 9 | 10-12 || total
-------------------------+-------+-------+-------+-------++-------
Melee: Hand axe          |   121 |    88 |   477 |   601 ||  1287
       Punch             |     2 |       |     5 |       ||     7
       Unarmed           |       |       |    12 |       ||    12
Throw: Boomerang         |       |     7 |    16 |     3 ||    26
Invok: Berserk           |     4 |     3 |     5 |     7 ||    19
       Trog's Hand       |       |     1 |     6 |     3 ||    10
  Use: Scroll            |     4 |       |    13 |     5 ||    22
       Potion            |       |       |     1 |     2 ||     3
 Stab: Sleeping          |     2 |     7 |       |       ||     9
       Distracted        |       |     1 |       |       ||     1
Armor: Animal skin       |    21 |     6 |       |       ||    27
       Plate armour      |       |    25 |   337 |   387 ||   749
Dodge: Dodged            |    70 |    33 |   101 |    98 ||   302
Block: Other             |       |       |    58 |       ||    58
       Kite shield       |       |       |   115 |   518 ||   633

Table legend: (Time is in decaauts)
 A = Elapsed time spent in this place.
 B = Non-inter-level travel time spent in this place.
 C = Inter-level travel time spent in this place.
 D = Time resting spent in this place.
 E = Time spent auto-exploring this place.
 F = Levels seen in this place.
 G = Mean time per level.
                   A        B        C        D        E       F      G
               +--------+--------+--------+--------+--------+-----+--------+
         Total |  14517 |  14318 |    199 |   1941 |   9451 |  11 | 1319.7 |
       Dungeon |  14517 |  14318 |    199 |   1941 |   9451 |  11 | 1319.7 |
               +--------+--------+--------+--------+--------+-----+--------+

Top non-repeatable levels by time:
     D:8: 2059 daAuts
     D:9: 1926 daAuts
     D:3: 1467 daAuts
     D:2: 1410 daAuts
     D:4: 1395 daAuts
     D:6: 1379 daAuts
     D:1: 1239 daAuts
    D:10: 1220 daAuts
     D:7: 1194 daAuts
     D:5: 921 daAuts
    D:11: 303 daAuts
